 Dungeon Crawl Stone Soup version 0.26-a0-652-gafc20e3620 (webtiles) character file.

Game seed: 5576690316856354992

106 heikuro the Skirmisher (level 5, -3/42 HPs)
             Began as a Formicid Abyssal Knight on Oct 2, 2020.
             Was a Follower of Lugonu.
             Slain by a gnoll (4 damage)
             ... on level 2 of the Dungeon.
             The game lasted 00:03:09 (2730 turns).

heikuro the Skirmisher (Formicid Abyssal Knight)    Turns: 2730, Time: 00:03:10

Health: -3/42      AC:  6    Str: 18    XL:     5   Next: 10%
Magic:  7/7        EV: 11    Int: 11    God:    Lugonu [*.....]
Gold:   99         SH:  0    Dex: 16    Spells: 4/4 levels left

rFire    . . .     SeeInvis +   a - +1 falchion
rCold    . . .     Faith    .   (no shield)
rNeg     . . .     Spirit   .   b - +0 leather armour
rPois    .         Reflect  .   (helmet unavailable)
rElec    .         Harm     .   (no cloak)
rCorr    .         Rampage  .   n - +2 pair of gloves
MR       .....                  (no boots)
Stlth    +.........             (no amulet)
HPRegen  0.14/turn              o - +6 ring of dexterity
MPRegen  0.10/turn              (no ring)

@: no status effects
A: permanent stasis, dig shafts and tunnels, four strong arms, antennae 3
a: Dig, Shaft Self, Depart the Abyss, Renounce Religion


You were on level 2 of the Dungeon.
You worshipped Lugonu.
Lugonu was aware of your devotion.
You visited 1 branch of the dungeon, and saw 3 of its levels.
You visited the Abyss 1 time.

You collected 99 gold pieces.

Inventory:

Hand Weapons
 a - a +1 falchion (weapon)
Armour
 b - a +0 leather armour (worn)
 n - a +2 pair of gloves (worn)
Jewellery
 o - a +6 ring of dexterity (left hand)
Scrolls
 f - a scroll of enchant armour {unknown}
 g - 3 scrolls of remove curse
 h - a scroll of enchant weapon {unknown}
 i - 2 scrolls of fear {unknown}
 j - a scroll of fog {unknown}
 k - 2 scrolls of identify {unknown}
Potions
 c - 2 potions of haste {unknown}
 d - a potion of heal wounds {unknown}
 e - a potion of lignification {unknown}
 l - a potion of flight {unknown}
 m - 2 potions of mutation {unknown}


   Skills:
 + Level 4.1 Fighting
 * Level 3.3 Long Blades
 + Level 3.0 Armour
 - Level 1.0 Dodging
 + Level 3.1 Invocations


You had 4 spell levels left.
You didn't know any spells.
Your spell library was empty.

Dungeon Overview and Level Annotations

Branches:
Dungeon (3/15)

Altars:
Dithmenos
Elyvilon
Makhleb
Nemelex Xobeh
Qazlal
Trog

Annotations:
D:2 exclusion: downstairs
D:3 Grinder


Innate Abilities, Weirdness & Mutations

You cannot be hasted, slowed, berserked, paralysed or teleported.
You can dig through walls and to a lower floor.
Your four strong arms can wield two-handed weapons with a shield.
You have a pair of large antennae on your head. (SInv)


Message History

You hit the gnoll.
The gnoll is moderately wounded.
The gnoll misses you.
You barely miss the gnoll.
The gnoll is moderately wounded.
The gnoll hits you but does no damage. x2
Unknown command.
You closely miss the gnoll.
The gnoll is moderately wounded.
The gnoll hits you but does no damage. The gnoll hits you.
* * * LOW HITPOINT WARNING * * *
Unknown command.
You closely miss the gnoll.
The gnoll is moderately wounded.
The gnoll hits you but does no damage. The gnoll closely misses you.
Unknown command.
You closely miss the gnoll.
The gnoll is moderately wounded.
The gnoll barely misses you. The gnoll hits you.
You die...

###.##
##.####.##
##.###.##
#.###
#....##
#.#.##
##)####
#....##
#..#
#..>..#
#.##
##...##
#.# ##g##
#.# #g#
#.#
#####@# #
#.#
#...#.# #
#.#
#.#...# #
#.#
#...### #
#.# ##.##
# #.# #.#
###.# #.#
.##.####
#.#
.......#
#.#


You could see 2 gnolls.

Vanquished Creatures
  A hound skeleton (D:2)
  3 adders
  An ooze (D:2)
  A leopard gecko (D:1)
  An orc (D:3)
  5 giant cockroaches (D:2)
  5 goblins
  8 hobgoblins
  9 jackals (D:1)
  6 kobolds
  A ball python (D:2)
  5 bats
  A frilled lizard (D:1)
  6 rats
53 creatures vanquished.

Notes
Turn   | Place    | Note
-------+----------+-------------------------------------------
     0 | Abyss:1  | heikuro the Formicid Abyssal Knight began the quest for the
                  | Orb.
     0 | Abyss:1  | Reached XP level 1. HP: 18/18 MP: 2/2
     2 | Abyss:1  | Found a transporter.
     3 | Abyss:1  | Noticed a wretched star
    11 | D:1      | Escaped the Abyss
   118 | D:1      | Reached skill level 1 in Dodging
   118 | D:1      | Reached XP level 2. HP: 24/24 MP: 3/3
   396 | D:1      | Reached * piety under Lugonu
   697 | D:1      | Reached XP level 3. HP: 29/29 MP: 4/4
  1278 | D:2      | Found a sparkling altar of Nemelex Xobeh.
  1340 | D:2      | Reached XP level 4. HP: 37/37 MP: 6/6
  1717 | D:2      | Reached skill level 4 in Fighting
  2101 | D:2      | Found a white marble altar of Elyvilon.
  2149 | D:2      | Found a stormy altar of Qazlal.
  2149 | D:2      | Found a bloodstained altar of Trog.
  2152 | D:2      | Found a burning altar of Makhleb.
  2266 | D:2      | Found a shadowy altar of Dithmenos.
  2450 | D:3      | Reached XP level 5. HP: 42/42 MP: 7/7
  2472 | D:3      | Noticed Grinder
  2715 | D:3      | Noticed a water moccasin
  2728 | D:2      | HP: 1/42 [gnoll (4)]
  2730 | D:2      | Slain by a gnoll

Illustrated notes

Levels and vault maps discovered:
D:1:      ebering_trefoil_3fold, layout_basic, grunt_decor_arrowhead,
          minmay_3d_cube
D:2:      layout_loops_ring, grunt_temple_overflow_open,
          nicolae_overflow_crystal_walls, palyth_stone_intersect,
          nemelex_lonely_heart_becter
D:3:      cheibrodos_greedy_goblins, layout_basic, lemuel_doored_altar,
          tgw_fedhas, uniq_sigmund, uniq_grinder

Skill      XL: |  1  2  3  4  5 |
---------------+----------------+-----
Dodging        | 1 |  1.0
Long Blades    | 3 |  3.3
Fighting       | 4 |  4.1
Invocations    | 3 |  3.1
Armour         | 3 |  3.0

Action                   |  1- 3 |  4- 6 || total
-------------------------+-------+-------++-------
Melee: Falchion          |    71 |    89 ||   160
Invok: Depart the Abyss  |     1 |       ||     1
  Use: Scroll            |       |     1 ||     1
Armor: Leather armour    |    16 |    39 ||    55
Dodge: Dodged            |    52 |    49 ||   101
       Rpst.: Falchion   |    20 |    14 ||    34

Table legend: (Time is in decaauts)
 A = Elapsed time spent in this place.
 B = Non-inter-level travel time spent in this place.
 C = Inter-level travel time spent in this place.
 D = Time resting spent in this place.
 E = Time spent auto-exploring this place.
 F = Levels seen in this place.
 G = Mean time per level.
                   A        B        C        D        E       F      G
               +--------+--------+--------+--------+--------+-----+--------+
         Total |   2757 |   2674 |     83 |   1009 |   1184 |   4 |  689.2 |
       Dungeon |   2746 |   2663 |     83 |   1009 |   1184 |   3 |  915.3 |
         Abyss |     11 |     11 |      0 |      0 |      0 |   1 |   11.0 |
               +--------+--------+--------+--------+--------+-----+--------+

Top non-repeatable levels by time:
     D:2: 1468 daAuts
     D:1: 1227 daAuts
     D:3: 51 daAuts
 Abyss:1: 11 daAuts
